Winnipeg Jets vs San Jose Sharks
Created - Wednesday, September 25, 2024 at 06:50
Goals
|
| Winnipeg Jets |
0 |
2 |
2 |
4 |
| San Jose Sharks |
1 |
0 |
0 |
1 |
|
Shots
|
| Winnipeg Jets |
11 |
15 |
12 |
38 |
| San Jose Sharks |
8 |
13 |
8 |
29 |
|
1st period
1. San Jose Sharks , Luke Kunin 10 (Dylan Strome 26) at 14:48
Penalties :
Alexis Lafreniere (WPG) for Holding (Minor) at 4:12
2nd period
2. Winnipeg Jets , Adam Lowry 11 (Mason Appleton 15, Olli Maatta 6) at 18:00
3. Winnipeg Jets , Connor Bedard 10 (Oliver Ekman-Larsson 8, Jason Zucker 10) at 18:17
Penalties :
No Penalty
3rd period
4. Winnipeg Jets , Tom Wilson 13 (Olen Zellweger 5, Ukko-Pekka Luukkonen) at 11:57
5. Winnipeg Jets , Tom Wilson 14 (Alexis Lafreniere 16, Connor McDavid 23) at 12:07
Penalties :
Matthew Knies (SJS) for Tripping (Minor) at 4:07
Goalie Stats
Ukko-Pekka Luukkonen (WPG), 28 saves from 29 shots - (0.966), W, 11-9-3, 60:00 minutes
Logan Thompson (SJS), 34 saves from 38 shots - (0.895), L, 14-12-1, 60:00 minutes
Players Stats for Winnipeg Jets
Player Name G A P +/- PIM S H SB GA TA FO MP PP MP PK MP
------------------------------------------------------------------------------------
Adam Lowry 1 0 1 1 0 6 1 2 1 0 9/20 13:50 0:00 0:00
Alexis Lafreniere 0 1 1 1 2 4 0 2 1 0 0/2 17:46 1:13 0:00
Andre Burakovsky 0 0 0 1 0 3 2 0 0 0 0/0 17:37 0:00 0:00
Barclay Goodrow 0 0 0 1 0 1 0 0 0 0 0/0 13:34 0:00 0:00
Brayden Pachal 0 0 0 0 0 0 1 0 0 0 0/0 14:29 0:00 0:00
Connor Bedard 1 0 1 1 0 2 0 0 0 0 8/21 19:19 0:46 0:56
Connor McDavid 0 1 1 1 0 2 1 0 2 0 14/17 18:36 1:13 0:49
Dylan Samberg 0 0 0 2 0 1 1 1 0 0 0/0 18:05 0:00 1:05
Jason Zucker 0 1 1 1 0 5 6 0 0 0 0/0 18:22 0:00 0:45
Joel Armia 0 0 0 0 0 2 2 1 0 0 1/1 9:03 0:46 0:00
Mason Appleton 0 1 1 1 0 2 2 0 1 0 0/0 14:20 0:46 0:00
Olen Zellweger 0 1 1 0 0 1 0 0 0 0 0/0 15:30 1:01 0:00
Oliver Ekman-Larsson 0 1 1 1 0 1 2 0 1 2 0/0 26:23 1:01 0:54
Oliver Kylington 0 0 0 1 0 1 0 1 0 0 0/0 26:25 0:58 0:54
Olli Maatta 0 1 1 2 0 4 1 1 0 2 0/0 19:08 0:58 1:05
Ridly Greig 0 0 0 0 0 0 1 0 1 0 0/1 8:17 0:00 0:00
Sam Steel 0 0 0 0 0 0 0 1 0 0 0/0 8:53 0:00 0:30
Tom Wilson 2 0 2 1 0 3 5 0 1 0 0/1 18:23 1:13 0:58
Players Stats for San Jose Sharks
Player Name G A P +/- PIM S H SB GA TA FO MP PP MP PK MP
------------------------------------------------------------------------------------
Adam Henrique 0 0 0 -2 0 0 0 0 0 0 15/27 18:38 1:00 1:03
Christian Dvorak 0 0 0 -1 0 0 0 0 1 0 1/3 8:34 0:00 0:00
Christopher Tanev 0 0 0 0 0 1 1 2 0 2 0/0 22:13 1:10 1:07
Dmitry Orlov 0 0 0 0 0 0 2 1 0 0 0/0 16:13 0:00 0:00
Dylan Strome 0 1 1 1 0 3 0 1 0 0 7/16 18:49 0:59 1:03
Eetu Luostarinen 0 0 0 1 0 4 4 0 0 0 0/0 17:25 0:59 0:00
Erik Cernak 0 0 0 0 0 1 2 1 0 0 0/0 22:13 1:10 1:07
Frederick Gaudreau 0 0 0 -1 0 2 0 1 0 0 0/1 8:34 0:00 0:00
Ilya Mikheyev 0 0 0 -1 0 4 0 0 0 0 0/0 14:27 0:00 0:00
Ivan Barbashev 0 0 0 -2 0 3 0 0 1 0 0/1 18:10 1:00 0:56
Joel Edmundson 0 0 0 -3 0 0 0 1 0 2 0/0 20:11 0:49 0:52
Joseph Veleno 0 0 0 -1 0 1 0 2 0 2 5/10 14:27 0:00 0:00
Luke Kunin 1 0 1 1 0 4 0 0 1 0 1/1 17:25 0:59 0:00
Matthew Knies 0 0 0 -1 2 0 0 1 0 0 0/0 10:19 0:00 0:00
Mike Hoffman 0 0 0 -1 0 2 1 0 1 0 0/1 14:27 0:00 0:00
Rickard Rakell 0 0 0 -2 0 1 1 0 0 0 2/3 18:10 1:00 0:56
Sean Durzi 0 0 0 -3 0 1 0 1 0 2 0/0 21:32 0:49 0:52
Simon Nemec 0 0 0 0 0 2 1 2 0 0 0/0 16:13 0:00 0:00
3 Stars
1 - Tom Wilson (WPG)
2 - Ukko-Pekka Luukkonen (WPG)
3 - Jason Zucker (WPG)
Power Play
Winnipeg Jets - 0 on 1 Attempt(s) - 0.00%
San Jose Sharks - 0 on 1 Attempt(s) - 0.00%
Penalty Kill
Winnipeg Jets - 1 on 1 Attempt(s) - 100.00%
- Score 0 goal in Penalty Kill
San Jose Sharks - 1 on 1 Attempt(s) - 100.00%
- Score 0 goal in Penalty Kill
Team Stat
Winnipeg Jets - Hits : 25 - Faceoff Wins : 32 - Blocked Shots : 9 - Penalty Minutes : 2
San Jose Sharks - Hits : 12 - Faceoff Wins : 31 - Blocked Shots : 13 - Penalty Minutes : 2
Official
Referees : Garrett Rank and Beaudry Halkidis
Linesman : Bryan Pancich
Game Notes
No Game Note
Finance
Level 1 -- Attendance: 4857 (80.95%) -- Ticket Income $471,129
Level 2 -- Attendance: 4392 (87.84%) -- Ticket Income $250,344
Level 3 -- Attendance: 2982 (99.40%) -- Ticket Income $98,406
Level 4 -- Attendance: 4938 (98.76%) -- Ticket Income $108,636
Luxury Box -- Attendance: 1000 (100.00%) -- Ticket Income $193,000
Game was played at the SAP Center at San Jose.
Total Attendance: 18169 (90.85%)
Total Ticket Income: $1,121,515
Other Income: $392,530
Total Income: $1,514,045
Winnipeg Jets
5 vs 5 Forward
Center Left Wing Right Wing Time % Phy DF OF
1 Connor McDavid Alexis Lafreniere Tom Wilson 30 1 2 2
2 Connor Bedard Andre Burakovsky Jason Zucker 30 1 2 2
3 Adam Lowry Barclay Goodrow Mason Appleton 25 1 2 2
4 Ridly Greig Sam Steel Joel Armia 15 1 2 2
5 vs 5 Defense
Defense Defense Time % Phy DF OF
1 Oliver Ekman-Larsson Oliver Kylington 30 1 2 2
2 Dylan Samberg Olli Maatta 30 1 2 2
3 Brayden Pachal Olen Zellweger 25 1 2 2
4 Oliver Ekman-Larsson Oliver Kylington 15 1 2 2
PowerPlay Forward
Center Left Wing Right Wing Time % Phy DF OF
1 Connor McDavid Alexis Lafreniere Tom Wilson 50 1 2 2
2 Connor Bedard Joel Armia Mason Appleton 50 1 2 2
PowerPlay Defense
Defense Defense Time % Phy DF OF
1 Oliver Ekman-Larsson Olen Zellweger 50 1 2 2
2 Oliver Kylington Olli Maatta 50 1 2 2
Penalty Kill 4 Players Forward
Center Wing Time % Phy DF OF
1 Connor McDavid Connor Bedard 50 1 2 2
2 Alexis Lafreniere Tom Wilson 50 1 2 2
Penalty Kill 4 Players Defense
Defense Defense Time % Phy DF OF
1 Oliver Ekman-Larsson Oliver Kylington 50 1 2 2
2 Dylan Samberg Olli Maatta 50 1 2 2
Penalty Kill - 3 Players Forward
Forward Time % Phy DF OF
1 Connor McDavid 50 1 2 2
2 Connor Bedard 50 1 2 2
Penalty Kill - 3 Players Defense
Defense Defense Time % Phy DF OF
1 Oliver Ekman-Larsson Oliver Kylington 50 1 2 2
2 Dylan Samberg Olli Maatta 50 1 2 2
4 vs 4 Forward
Center Wing Time % Phy DF OF
1 Connor McDavid Connor Bedard 50 1 2 2
2 Alexis Lafreniere Tom Wilson 50 1 2 2
4 vs 4 Defense
Defense Defense Time % Phy DF OF
1 Oliver Ekman-Larsson Oliver Kylington 50 1 2 2
2 Dylan Samberg Olli Maatta 50 1 2 2
Last Minutes Offensive
Center Left Wing Right Wing Defense Defense
Connor McDavid Alexis Lafreniere Tom Wilson Oliver Ekman-Larsson Olen Zellweger
Last Minutes Defensive
Center Left Wing Right Wing Defense Defense
Connor McDavid Alexis Lafreniere Tom Wilson Oliver Ekman-Larsson Oliver Kylington
Goaltenders
Starting : Ukko-Pekka Luukkonen
Backup : Martin Jones
Extra Forwards
Normal : Ridly Greig, Adam Lowry, Jason Zucker - PP : Ridly Greig, Adam Lowry - PK : Jason Zucker
Extra Defensemen
Normal : Brayden Pachal, Olen Zellweger, Dylan Samberg - PP : Brayden Pachal - PK : Olen Zellweger, Dylan Samberg
Penalty Shots
Connor McDavid, Connor Bedard, Alexis Lafreniere, Tom Wilson, Adam Lowry
Scratches
Cam Atkinson (Healthy), Nate Schmidt (Healthy)
San Jose Sharks
5 vs 5 Forward
Center Left Wing Right Wing Time % Phy DF OF
1 Adam Henrique Rickard Rakell Ivan Barbashev 30 1 2 2
2 Dylan Strome Eetu Luostarinen Luke Kunin 30 1 2 2
3 Joseph Veleno Mike Hoffman Ilya Mikheyev 25 1 2 2
4 Christian Dvorak Frederick Gaudreau Matthew Knies 15 1 2 2
5 vs 5 Defense
Defense Defense Time % Phy DF OF
1 Erik Cernak Christopher Tanev 35 1 2 2
2 Sean Durzi Joel Edmundson 35 1 2 2
3 Dmitry Orlov Simon Nemec 30 1 2 2
4 Erik Cernak Christopher Tanev 0 1 2 2
PowerPlay Forward
Center Left Wing Right Wing Time % Phy DF OF
1 Adam Henrique Rickard Rakell Ivan Barbashev 50 1 2 2
2 Dylan Strome Eetu Luostarinen Luke Kunin 50 1 2 2
PowerPlay Defense
Defense Defense Time % Phy DF OF
1 Erik Cernak Christopher Tanev 50 1 2 2
2 Sean Durzi Joel Edmundson 50 1 2 2
Penalty Kill 4 Players Forward
Center Wing Time % Phy DF OF
1 Adam Henrique Dylan Strome 50 1 2 2
2 Rickard Rakell Ivan Barbashev 50 1 2 2
Penalty Kill 4 Players Defense
Defense Defense Time % Phy DF OF
1 Erik Cernak Christopher Tanev 50 1 2 2
2 Sean Durzi Joel Edmundson 50 1 2 2
Penalty Kill - 3 Players Forward
Forward Time % Phy DF OF
1 Adam Henrique 50 1 2 2
2 Dylan Strome 50 1 2 2
Penalty Kill - 3 Players Defense
Defense Defense Time % Phy DF OF
1 Erik Cernak Christopher Tanev 50 1 2 2
2 Sean Durzi Joel Edmundson 50 1 2 2
4 vs 4 Forward
Center Wing Time % Phy DF OF
1 Adam Henrique Dylan Strome 50 1 2 2
2 Rickard Rakell Ivan Barbashev 50 1 2 2
4 vs 4 Defense
Defense Defense Time % Phy DF OF
1 Erik Cernak Christopher Tanev 50 1 2 2
2 Sean Durzi Joel Edmundson 50 1 2 2
Last Minutes Offensive
Center Left Wing Right Wing Defense Defense
Adam Henrique Rickard Rakell Ivan Barbashev Erik Cernak Christopher Tanev
Last Minutes Defensive
Center Left Wing Right Wing Defense Defense
Adam Henrique Rickard Rakell Ivan Barbashev Erik Cernak Christopher Tanev
Goaltenders
Starting : Logan Thompson
Backup : Ilya Samsonov
Extra Forwards
Normal : Joseph Veleno, Christian Dvorak, Ilya Mikheyev - PP : Joseph Veleno, Christian Dvorak - PK : Ilya Mikheyev
Extra Defensemen
Normal : Dmitry Orlov, Simon Nemec, Sean Durzi - PP : Dmitry Orlov - PK : Simon Nemec, Sean Durzi
Penalty Shots
Adam Henrique, Dylan Strome, Rickard Rakell, Ivan Barbashev, Eetu Luostarinen
Scratches
Brett Howden (Healthy), Kailer Yamamoto (Healthy), Victor Olofsson (Healthy), Tobias Bjornfot (Healthy), Sam Lafferty (Healthy)
% Time on Ice - Winnipeg Jets
Lines # - Real PCT - Wanted PCT - Time Play
Normal Forward
1 - 30% - 30% - 16:34
2 - 31% - 30% - 17:37
3 - 24% - 25% - 13:34
4 - 15% - 15% - 8:17
Normal Defense
1 - 28% - 30% - 15:58
2 - 30% - 30% - 17:05
3 - 26% - 25% - 14:29
4 - 15% - 15% - 8:30
PP Forward
1 - 61% - 50% - 1:13
2 - 39% - 50% - 0:46
PP Defense
1 - 51% - 50% - 1:01
2 - 49% - 50% - 0:58
PK Forward
1 - 41% - 50% - 0:49
2 - 59% - 50% - 1:10
PK Defense
1 - 45% - 50% - 0:54
2 - 55% - 50% - 1:05
PK3 Forward
1 - 0% - 50%
2 - 0% - 50%
PK3 Defense
1 - 0% - 50%
2 - 0% - 50%
44 Forward
1 - 0% - 50%
2 - 0% - 50%
44 Defense
1 - 0% - 50%
2 - 0% - 50%
Last Minute Offensive - 0:00
Last Minute Defensive - 0:00
Total
Forward - 60:00
Defense - 60:00
|
% Time on Ice - San Jose Sharks
Lines # - Real PCT - Wanted PCT - Time Play
Normal Forward
1 - 30% - 30% - 16:35
2 - 29% - 30% - 16:26
3 - 26% - 25% - 14:27
4 - 15% - 15% - 8:34
Normal Defense
1 - 34% - 35% - 19:12
2 - 35% - 35% - 19:53
3 - 29% - 30% - 16:13
4 - 1% - 0% - 0:44
PP Forward
1 - 50% - 50% - 1:00
2 - 50% - 50% - 0:59
PP Defense
1 - 59% - 50% - 1:10
2 - 41% - 50% - 0:49
PK Forward
1 - 53% - 50% - 1:03
2 - 47% - 50% - 0:56
PK Defense
1 - 56% - 50% - 1:07
2 - 44% - 50% - 0:52
PK3 Forward
1 - 0% - 50%
2 - 0% - 50%
PK3 Defense
1 - 0% - 50%
2 - 0% - 50%
44 Forward
1 - 0% - 50%
2 - 0% - 50%
44 Defense
1 - 0% - 50%
2 - 0% - 50%
Last Minute Offensive - 0:00
Last Minute Defensive - 0:00
Total
Forward - 60:00
Defense - 60:00
|
Play-by-Play
1st period
0:01 of 1st period - Connor McDavid wins face-off versus Adam Henrique in neutral zone.
0:04 of 1st period - Snap shot by Alexis Lafreniere.
0:04 of 1st period - Shot Misses the Net.
1:26 of 1st period - Wrist shot by Ivan Barbashev.
1:26 of 1st period - Shot Misses the Net.
1:28 of 1st period - Wrist shot by Adam Henrique.
1:28 of 1st period - Deflect By Rickard Rakell.
1:28 of 1st period - Shot Blocked by Sam Steel.
1:28 of 1st period - Puck is out of play.
1:29 of 1st period - Adam Henrique wins face-off versus Connor Bedard in Winnipeg Jets zone.
1:54 of 1st period - Dylan Strome is hit by Tom Wilson and loses puck.
2:35 of 1st period - Ridly Greig is hit by Dmitry Orlov and loses puck.
3:22 of 1st period - Adam Henrique is hit by Dylan Samberg and loses puck.
3:32 of 1st period - Icing by Erik Cernak.
3:33 of 1st period - Adam Henrique wins face-off versus Adam Lowry in San Jose Sharks zone.
3:33 of 1st period - Adam Henrique is hit by Mason Appleton.
3:53 of 1st period - Wrist shot by Adam Henrique.
3:53 of 1st period - Deflect By Barclay Goodrow.
3:53 of 1st period - Shot Misses the Net.
3:53 of 1st period - Puck is out of play.
3:54 of 1st period - Connor McDavid wins face-off versus Joseph Veleno in Winnipeg Jets zone.
3:59 of 1st period - Wrist shot by Alexis Lafreniere.
3:59 of 1st period - Stopped by Logan Thompson with a rebound.
4:12 of 1st period - Minor Penalty to Alexis Lafreniere for Holding.
4:13 of 1st period - Connor McDavid wins face-off versus Adam Henrique in Winnipeg Jets zone.
4:23 of 1st period - Wrist shot by Adam Henrique.
4:23 of 1st period - Shot Misses the Net.
4:25 of 1st period - Slapshot by Rickard Rakell.
4:25 of 1st period - Shot Misses the Net.
4:27 of 1st period - Snap shot by Adam Henrique.
4:27 of 1st period - Shot Misses the Net.
5:38 of 1st period - Adam Henrique is hit by Jason Zucker and loses puck.
6:12 of 1st period - Penalty to Alexis Lafreniere is over, Alexis Lafreniere is back on ice.
6:47 of 1st period - Wrist shot by Matthew Knies.
6:47 of 1st period - Shot Misses the Net.
6:59 of 1st period - Mike Hoffman is hit by Jason Zucker and loses puck.
7:36 of 1st period - Backhand shot by Mason Appleton.
7:36 of 1st period - Stopped by Logan Thompson without a rebound.
7:37 of 1st period - Adam Lowry wins face-off versus Christian Dvorak in San Jose Sharks zone.
7:38 of 1st period - Snap shot by Mason Appleton.
7:38 of 1st period - Shot Misses the Net.
7:59 of 1st period - Wrist shot by Connor Bedard.
7:59 of 1st period - Shot Misses the Net.
8:17 of 1st period - Slapshot by Ridly Greig.
8:17 of 1st period - Shot Blocked by Dmitry Orlov.
8:23 of 1st period - Slapshot by Adam Henrique.
8:23 of 1st period - Shot Misses the Net.
8:25 of 1st period - Slapshot by Simon Nemec.
8:25 of 1st period - Stopped by Ukko-Pekka Luukkonen with a rebound.
8:27 of 1st period - Wrist shot by Adam Henrique.
8:27 of 1st period - Shot Misses the Net.
8:59 of 1st period - Snap shot by Adam Lowry.
8:59 of 1st period - Shot Blocked by Dylan Strome.
9:01 of 1st period - Slapshot by Barclay Goodrow.
9:01 of 1st period - Deflect By Mason Appleton.
9:01 of 1st period - Stopped by Logan Thompson with a rebound.
9:23 of 1st period - Snap shot by Connor Bedard.
9:23 of 1st period - Deflect By Jason Zucker.
9:23 of 1st period - Shot Misses the Net.
9:23 of 1st period - Puck is out of play.
9:24 of 1st period - Connor McDavid wins face-off versus Adam Henrique in San Jose Sharks zone.
10:12 of 1st period - Wrist shot by Adam Lowry.
10:12 of 1st period - Stopped by Logan Thompson with a rebound.
10:14 of 1st period - Snap shot by Adam Lowry.
10:14 of 1st period - Shot Blocked by Joel Edmundson.
10:16 of 1st period - Snap shot by Adam Lowry.
10:16 of 1st period - Shot Misses the Net.
10:18 of 1st period - Wrist shot by Mason Appleton.
10:18 of 1st period - Shot Misses the Net.
10:40 of 1st period - Erik Cernak is hit by Joel Armia and loses puck.
10:57 of 1st period - Snap shot by Ilya Mikheyev.
10:57 of 1st period - Deflect By Mike Hoffman.
10:57 of 1st period - Stopped by Ukko-Pekka Luukkonen with a rebound.
10:59 of 1st period - Slapshot by Simon Nemec.
10:59 of 1st period - Shot Misses the Net.
11:01 of 1st period - Slapshot by Simon Nemec.
11:01 of 1st period - Stopped by Ukko-Pekka Luukkonen without a rebound.
11:02 of 1st period - Dylan Strome wins face-off versus Connor Bedard in Winnipeg Jets zone.
11:09 of 1st period - Snap shot by Eetu Luostarinen.
11:09 of 1st period - Stopped by Ukko-Pekka Luukkonen with a rebound.
11:15 of 1st period - Eetu Luostarinen is hit by Jason Zucker.
11:38 of 1st period - Wrist shot by Alexis Lafreniere.
11:38 of 1st period - Shot Misses the Net.
11:54 of 1st period - Mike Hoffman is hit by Adam Lowry and loses puck.
11:59 of 1st period - Wrist shot by Mason Appleton.
11:59 of 1st period - Shot Misses the Net.
12:01 of 1st period - Snap shot by Adam Lowry.
12:01 of 1st period - Shot Blocked by Joseph Veleno.
12:11 of 1st period - Oliver Ekman-Larsson is hit by Eetu Luostarinen and loses puck.
12:59 of 1st period - Oliver Ekman-Larsson is hit by Rickard Rakell and loses puck.
13:22 of 1st period - Snap shot by Mike Hoffman.
13:22 of 1st period - Shot Misses the Net.
14:44 of 1st period - Snap shot by Ilya Mikheyev.
14:44 of 1st period - Stopped by Ukko-Pekka Luukkonen without a rebound.
14:45 of 1st period - Dylan Strome wins face-off versus Adam Lowry in Winnipeg Jets zone.
14:48 of 1st period - Wrist shot by Luke Kunin.
14:48 of 1st period - Goal by Luke Kunin - Winnipeg Jets : 0 - San Jose Sharks : 1.
14:49 of 1st period - Connor Bedard wins face-off versus Dylan Strome in neutral zone.
15:05 of 1st period - Snap shot by Dylan Strome.
15:05 of 1st period - Stopped by Ukko-Pekka Luukkonen without a rebound.
15:06 of 1st period - Adam Henrique wins face-off versus Adam Lowry in Winnipeg Jets zone.
15:15 of 1st period - Wrist shot by Adam Lowry.
15:15 of 1st period - Stopped by Logan Thompson with a rebound.
15:17 of 1st period - Slapshot by Adam Lowry.
15:17 of 1st period - Shot Blocked by Christopher Tanev.
15:19 of 1st period - Slapshot by Dylan Samberg.
15:19 of 1st period - Shot Misses the Net.
15:21 of 1st period - Snap shot by Barclay Goodrow.
15:21 of 1st period - Stopped by Logan Thompson with a rebound.
15:52 of 1st period - Slapshot by Ilya Mikheyev.
15:52 of 1st period - Deflect By Joseph Veleno.
15:52 of 1st period - Stopped by Ukko-Pekka Luukkonen without a rebound.
15:53 of 1st period - Joseph Veleno wins face-off versus Alexis Lafreniere in Winnipeg Jets zone.
16:17 of 1st period - Simon Nemec is hit by Connor McDavid and loses puck.
16:46 of 1st period - Backhand shot by Alexis Lafreniere.
16:46 of 1st period - Stopped by Logan Thompson with a rebound.
16:48 of 1st period - Snap shot by Oliver Kylington.
16:48 of 1st period - Shot Blocked by Joseph Veleno.
17:23 of 1st period - Wrist shot by Tom Wilson.
17:23 of 1st period - Stopped by Logan Thompson without a rebound.
17:24 of 1st period - Connor Bedard wins face-off versus Dylan Strome in San Jose Sharks zone.
17:25 of 1st period - Wrist shot by Andre Burakovsky.
17:25 of 1st period - Shot Blocked by Simon Nemec.
17:27 of 1st period - Slapshot by Dylan Samberg.
17:27 of 1st period - Stopped by Logan Thompson with a rebound.
17:29 of 1st period - Slapshot by Olli Maatta.
17:29 of 1st period - Stopped by Logan Thompson with a rebound.
17:31 of 1st period - Wrist shot by Jason Zucker.
17:31 of 1st period - Shot Hit the Post.
17:33 of 1st period - Wrist shot by Jason Zucker.
17:33 of 1st period - Deflect By Connor Bedard.
17:33 of 1st period - Shot Misses the Net.
17:33 of 1st period - Puck is out of play.
17:34 of 1st period - Dylan Strome wins face-off versus Connor Bedard in San Jose Sharks zone.
18:05 of 1st period - Slapshot by Luke Kunin.
18:05 of 1st period - Shot Misses the Net.
18:15 of 1st period - Connor Bedard is hit by Eetu Luostarinen and loses puck.
18:34 of 1st period - Wrist shot by Jason Zucker.
18:34 of 1st period - Shot Misses the Net.
18:36 of 1st period - Snap shot by Jason Zucker.
18:36 of 1st period - Stopped by Logan Thompson without a rebound.
18:37 of 1st period - Adam Henrique wins face-off versus Adam Lowry in San Jose Sharks zone.
19:35 of 1st period - Snap shot by Rickard Rakell.
19:35 of 1st period - Shot Blocked by Adam Lowry.
Goals for this period are 0 for Winnipeg Jets vs 1 for San Jose Sharks.
Shots for this period are 11 for Winnipeg Jets vs 8 for San Jose Sharks.
2nd period
0:01 of 2nd period - Adam Henrique wins face-off versus Adam Lowry in neutral zone.
0:04 of 2nd period - Wrist shot by Rickard Rakell.
0:04 of 2nd period - Shot Misses the Net.
0:06 of 2nd period - Slapshot by Erik Cernak.
0:06 of 2nd period - Stopped by Ukko-Pekka Luukkonen without a rebound.
0:07 of 2nd period - Adam Henrique wins face-off versus Adam Lowry in Winnipeg Jets zone.
0:18 of 2nd period - Snap shot by Rickard Rakell.
0:18 of 2nd period - Shot Misses the Net.
0:20 of 2nd period - Snap shot by Ivan Barbashev.
0:20 of 2nd period - Deflect By Mason Appleton.
0:20 of 2nd period - Shot Blocked by Adam Lowry.
0:20 of 2nd period - Puck is out of play.
0:21 of 2nd period - Connor Bedard wins face-off versus Dylan Strome in Winnipeg Jets zone.
0:51 of 2nd period - Adam Lowry is hit by Erik Cernak and loses puck.
1:12 of 2nd period - Erik Cernak is hit by Olli Maatta and loses puck.
1:37 of 2nd period - Wrist shot by Ivan Barbashev.
1:37 of 2nd period - Stopped by Ukko-Pekka Luukkonen with a rebound.
1:39 of 2nd period - Slapshot by Ivan Barbashev.
1:39 of 2nd period - Stopped by Ukko-Pekka Luukkonen with a rebound.
1:41 of 2nd period - Snap shot by Ivan Barbashev.
1:41 of 2nd period - Deflect By Rickard Rakell.
1:41 of 2nd period - Shot Misses the Net.
1:41 of 2nd period - Puck is out of play.
1:42 of 2nd period - Dylan Strome wins face-off versus Adam Lowry in Winnipeg Jets zone.
1:43 of 2nd period - Wrist shot by Eetu Luostarinen.
1:43 of 2nd period - Shot Misses the Net.
1:45 of 2nd period - Wrist shot by Dylan Strome.
1:45 of 2nd period - Stopped by Ukko-Pekka Luukkonen with a rebound.
1:47 of 2nd period - Backhand shot by Luke Kunin.
1:47 of 2nd period - Stopped by Ukko-Pekka Luukkonen with a rebound.
1:49 of 2nd period - Wrist shot by Eetu Luostarinen.
1:49 of 2nd period - Stopped by Ukko-Pekka Luukkonen without a rebound.
1:50 of 2nd period - Adam Lowry wins face-off versus Dylan Strome in Winnipeg Jets zone.
2:19 of 2nd period - Snap shot by Frederick Gaudreau.
2:19 of 2nd period - Stopped by Ukko-Pekka Luukkonen without a rebound.
2:20 of 2nd period - Christian Dvorak wins face-off versus Connor Bedard in Winnipeg Jets zone.
2:21 of 2nd period - Slapshot by Matthew Knies.
2:21 of 2nd period - Shot Misses the Net.
2:33 of 2nd period - Snap shot by Jason Zucker.
2:33 of 2nd period - Stopped by Logan Thompson with a rebound.
2:35 of 2nd period - Snap shot by Andre Burakovsky.
2:35 of 2nd period - Stopped by Logan Thompson with a rebound.
2:45 of 2nd period - Olli Maatta is hit by Eetu Luostarinen and loses puck.
2:52 of 2nd period - Snap shot by Adam Lowry.
2:52 of 2nd period - Shot Misses the Net.
3:12 of 2nd period - Snap shot by Connor McDavid.
3:12 of 2nd period - Shot Misses the Net.
3:36 of 2nd period - Snap shot by Eetu Luostarinen.
3:36 of 2nd period - Stopped by Ukko-Pekka Luukkonen without a rebound.
3:37 of 2nd period - Adam Henrique wins face-off versus Connor Bedard in Winnipeg Jets zone.
3:44 of 2nd period - Slapshot by Rickard Rakell.
3:44 of 2nd period - Shot Misses the Net.
4:23 of 2nd period - Wrist shot by Andre Burakovsky.
4:23 of 2nd period - Shot Misses the Net.
4:25 of 2nd period - Wrist shot by Jason Zucker.
4:25 of 2nd period - Deflect By Sean Durzi.
4:25 of 2nd period - Stopped by Logan Thompson without a rebound.
4:26 of 2nd period - Adam Lowry wins face-off versus Joseph Veleno in San Jose Sharks zone.
4:33 of 2nd period - Snap shot by Adam Lowry.
4:33 of 2nd period - Stopped by Logan Thompson with a rebound.
4:35 of 2nd period - Slapshot by Barclay Goodrow.
4:35 of 2nd period - Shot Misses the Net.
4:37 of 2nd period - Slapshot by Olen Zellweger.
4:37 of 2nd period - Deflect By Mike Hoffman.
4:37 of 2nd period - Stopped by Logan Thompson with a rebound.
5:15 of 2nd period - Wrist shot by Connor McDavid.
5:15 of 2nd period - Shot Misses the Net.
6:03 of 2nd period - Slapshot by Jason Zucker.
6:03 of 2nd period - Stopped by Logan Thompson with a rebound.
6:22 of 2nd period - Wrist shot by Sam Steel.
6:22 of 2nd period - Deflect By Ridly Greig.
6:22 of 2nd period - Shot Blocked by Matthew Knies.
6:22 of 2nd period - Puck is out of play.
6:23 of 2nd period - Adam Henrique wins face-off versus Connor McDavid in San Jose Sharks zone.
6:32 of 2nd period - Wrist shot by Ivan Barbashev.
6:32 of 2nd period - Shot Blocked by Olli Maatta.
6:50 of 2nd period - Andre Burakovsky is hit by Eetu Luostarinen and loses puck.
7:36 of 2nd period - Wrist shot by Rickard Rakell.
7:36 of 2nd period - Stopped by Ukko-Pekka Luukkonen without a rebound.
7:37 of 2nd period - Adam Henrique wins face-off versus Ridly Greig in Winnipeg Jets zone.
8:01 of 2nd period - Off-side.
8:02 of 2nd period - Connor McDavid wins face-off versus Dylan Strome in neutral zone.
9:21 of 2nd period - Slapshot by Eetu Luostarinen.
9:21 of 2nd period - Deflect By Luke Kunin.
9:21 of 2nd period - Stopped by Ukko-Pekka Luukkonen with a rebound.
9:37 of 2nd period - Dmitry Orlov is hit by Tom Wilson and loses puck.
9:58 of 2nd period - Simon Nemec is hit by Jason Zucker and loses puck.
11:06 of 2nd period - Backhand shot by Ivan Barbashev.
11:06 of 2nd period - Shot Blocked by Joel Armia.
11:15 of 2nd period - Off-side.
11:16 of 2nd period - Joseph Veleno wins face-off versus Connor Bedard in neutral zone.
11:31 of 2nd period - Brayden Pachal is hit by Simon Nemec and loses puck.
11:54 of 2nd period - Slapshot by Eetu Luostarinen.
11:54 of 2nd period - Stopped by Ukko-Pekka Luukkonen with a rebound.
12:03 of 2nd period - Icing by Adam Lowry.
12:04 of 2nd period - Adam Henrique wins face-off versus Adam Lowry in Winnipeg Jets zone.
12:29 of 2nd period - Wrist shot by Connor McDavid.
12:29 of 2nd period - Stopped by Logan Thompson without a rebound.
12:30 of 2nd period - Dylan Strome wins face-off versus Alexis Lafreniere in San Jose Sharks zone.
12:43 of 2nd period - Erik Cernak is hit by Tom Wilson and loses puck.
12:56 of 2nd period - Christopher Tanev is hit by Jason Zucker and loses puck.
13:41 of 2nd period - Snap shot by Joel Armia.
13:41 of 2nd period - Stopped by Logan Thompson with a rebound.
14:04 of 2nd period - Off-side.
14:05 of 2nd period - Connor Bedard wins face-off versus Adam Henrique in neutral zone.
14:30 of 2nd period - Dylan Strome is hit by Oliver Ekman-Larsson and loses puck.
14:41 of 2nd period - Wrist shot by Tom Wilson.
14:41 of 2nd period - Shot Blocked by Simon Nemec.
14:43 of 2nd period - Snap shot by Olli Maatta.
14:43 of 2nd period - Stopped by Logan Thompson with a rebound.
14:55 of 2nd period - Wrist shot by Joseph Veleno.
14:55 of 2nd period - Deflect By Ilya Mikheyev.
14:55 of 2nd period - Shot Misses the Net.
14:55 of 2nd period - Puck is out of play.
14:56 of 2nd period - Joseph Veleno wins face-off versus Adam Lowry in Winnipeg Jets zone.
15:28 of 2nd period - Wrist shot by Adam Lowry.
15:28 of 2nd period - Deflect By Barclay Goodrow.
15:28 of 2nd period - Shot Blocked by Sean Durzi.
15:28 of 2nd period - Puck is out of play.
15:29 of 2nd period - Adam Henrique wins face-off versus Connor Bedard in San Jose Sharks zone.
15:59 of 2nd period - Snap shot by Ridly Greig.
15:59 of 2nd period - Shot Misses the Net.
16:19 of 2nd period - Wrist shot by Adam Lowry.
16:19 of 2nd period - Deflect By Mason Appleton.
16:19 of 2nd period - Shot Misses the Net.
16:19 of 2nd period - Puck is out of play.
16:20 of 2nd period - Adam Lowry wins face-off versus Christian Dvorak in San Jose Sharks zone.
16:23 of 2nd period - Snap shot by Adam Lowry.
16:23 of 2nd period - Shot Misses the Net.
16:53 of 2nd period - Slapshot by Ivan Barbashev.
16:53 of 2nd period - Shot Blocked by Alexis Lafreniere.
16:59 of 2nd period - Connor McDavid is hit by Dmitry Orlov and loses puck.
17:22 of 2nd period - Wrist shot by Jason Zucker.
17:22 of 2nd period - Shot Misses the Net.
17:36 of 2nd period - Snap shot by Ilya Mikheyev.
17:36 of 2nd period - Stopped by Ukko-Pekka Luukkonen with a rebound.
18:00 of 2nd period - Slapshot by Adam Lowry.
18:00 of 2nd period - Goal by Adam Lowry - Winnipeg Jets : 1 - San Jose Sharks : 1.
18:01 of 2nd period - Connor Bedard wins face-off versus Ivan Barbashev in neutral zone.
18:04 of 2nd period - Adam Henrique is hit by Oliver Ekman-Larsson.
18:08 of 2nd period - Jason Zucker is hit by Christopher Tanev and loses puck.
18:17 of 2nd period - Snap shot by Connor Bedard.
18:17 of 2nd period - Goal by Connor Bedard - Winnipeg Jets : 2 - San Jose Sharks : 1.
18:18 of 2nd period - Connor McDavid wins face-off versus Dylan Strome in neutral zone.
18:33 of 2nd period - Snap shot by Luke Kunin.
18:33 of 2nd period - Stopped by Ukko-Pekka Luukkonen without a rebound.
18:34 of 2nd period - Connor Bedard wins face-off versus Joseph Veleno in Winnipeg Jets zone.
18:47 of 2nd period - Wrist shot by Connor Bedard.
18:47 of 2nd period - Deflect By Andre Burakovsky.
18:47 of 2nd period - Stopped by Logan Thompson without a rebound.
18:48 of 2nd period - Connor McDavid wins face-off versus Adam Henrique in San Jose Sharks zone.
18:49 of 2nd period - Slapshot by Alexis Lafreniere.
18:49 of 2nd period - Stopped by Logan Thompson without a rebound.
18:50 of 2nd period - Connor McDavid wins face-off versus Adam Henrique in San Jose Sharks zone.
19:01 of 2nd period - Rickard Rakell is hit by Tom Wilson and loses puck.
19:20 of 2nd period - Snap shot by Jason Zucker.
19:20 of 2nd period - Stopped by Logan Thompson with a rebound.
19:22 of 2nd period - Wrist shot by Connor Bedard.
19:22 of 2nd period - Stopped by Logan Thompson without a rebound.
19:23 of 2nd period - Connor Bedard wins face-off versus Mike Hoffman in San Jose Sharks zone.
19:30 of 2nd period - Slapshot by Andre Burakovsky.
19:30 of 2nd period - Shot Misses the Net.
19:52 of 2nd period - Snap shot by Luke Kunin.
19:52 of 2nd period - Shot Misses the Net.
Goals for this period are 2 for Winnipeg Jets vs 0 for San Jose Sharks.
Shots for this period are 15 for Winnipeg Jets vs 13 for San Jose Sharks.
3rd period
0:01 of 3rd period - Adam Lowry wins face-off versus Adam Henrique in neutral zone.
0:08 of 3rd period - Slapshot by Sean Durzi.
0:08 of 3rd period - Shot Blocked by Oliver Kylington.
0:57 of 3rd period - Wrist shot by Ilya Mikheyev.
0:57 of 3rd period - Stopped by Ukko-Pekka Luukkonen with a rebound.
1:07 of 3rd period - Matthew Knies is hit by Brayden Pachal and loses puck.
1:12 of 3rd period - Backhand shot by Ridly Greig.
1:12 of 3rd period - Shot Misses the Net.
1:14 of 3rd period - Slapshot by Olli Maatta.
1:14 of 3rd period - Shot Blocked by Frederick Gaudreau.
1:16 of 3rd period - Slapshot by Olli Maatta.
1:16 of 3rd period - Stopped by Logan Thompson without a rebound.
1:17 of 3rd period - Adam Henrique wins face-off versus Connor McDavid in San Jose Sharks zone.
1:29 of 3rd period - Off-side.
1:30 of 3rd period - Adam Lowry wins face-off versus Dylan Strome in neutral zone.
1:58 of 3rd period - Wrist shot by Oliver Ekman-Larsson.
1:58 of 3rd period - Stopped by Logan Thompson without a rebound.
1:59 of 3rd period - Adam Henrique wins face-off versus Connor Bedard in San Jose Sharks zone.
2:28 of 3rd period - Snap shot by Mike Hoffman.
2:28 of 3rd period - Shot Blocked by Alexis Lafreniere.
2:43 of 3rd period - Icing by Joel Edmundson.
2:44 of 3rd period - Adam Lowry wins face-off versus Joseph Veleno in San Jose Sharks zone.
2:49 of 3rd period - Snap shot by Mason Appleton.
2:49 of 3rd period - Shot Misses the Net.
2:51 of 3rd period - Slapshot by Oliver Kylington.
2:51 of 3rd period - Stopped by Logan Thompson with a rebound.
2:53 of 3rd period - Slapshot by Oliver Kylington.
2:53 of 3rd period - Shot Misses the Net.
2:55 of 3rd period - Wrist shot by Adam Lowry.
2:55 of 3rd period - Stopped by Logan Thompson without a rebound.
2:56 of 3rd period - Connor McDavid wins face-off versus Dylan Strome in San Jose Sharks zone.
3:22 of 3rd period - Snap shot by Matthew Knies.
3:22 of 3rd period - Deflect By Frederick Gaudreau.
3:22 of 3rd period - Stopped by Ukko-Pekka Luukkonen without a rebound.
3:23 of 3rd period - Connor Bedard wins face-off versus Frederick Gaudreau in Winnipeg Jets zone.
3:38 of 3rd period - Wrist shot by Andre Burakovsky.
3:38 of 3rd period - Shot Misses the Net.
4:01 of 3rd period - Wrist shot by Ridly Greig.
4:01 of 3rd period - Shot Misses the Net.
4:07 of 3rd period - Minor Penalty to Matthew Knies for Tripping.
4:08 of 3rd period - Adam Henrique wins face-off versus Connor McDavid in San Jose Sharks zone.
4:08 of 3rd period - Adam Henrique is hit by Tom Wilson.
4:15 of 3rd period - Icing by Connor McDavid.
4:16 of 3rd period - Connor McDavid wins face-off versus Adam Henrique in Winnipeg Jets zone.
4:33 of 3rd period - Backhand shot by Alexis Lafreniere.
4:33 of 3rd period - Stopped by Logan Thompson without a rebound.
4:34 of 3rd period - Rickard Rakell wins face-off versus Connor Bedard in San Jose Sharks zone.
4:50 of 3rd period - Snap shot by Joel Armia.
4:50 of 3rd period - Stopped by Logan Thompson with a rebound.
5:33 of 3rd period - Icing by Connor McDavid.
5:34 of 3rd period - Joel Armia wins face-off versus Rickard Rakell in Winnipeg Jets zone.
5:43 of 3rd period - Slapshot by Oliver Ekman-Larsson.
5:43 of 3rd period - Shot Blocked by Erik Cernak.
5:45 of 3rd period - Backhand shot by Oliver Ekman-Larsson.
5:45 of 3rd period - Shot Misses the Net.
6:07 of 3rd period - Penalty to Matthew Knies is over, Matthew Knies is back on ice.
6:35 of 3rd period - Slapshot by Mike Hoffman.
6:35 of 3rd period - Shot Misses the Net.
6:37 of 3rd period - Wrist shot by Christopher Tanev.
6:37 of 3rd period - Stopped by Ukko-Pekka Luukkonen without a rebound.
6:38 of 3rd period - Joseph Veleno wins face-off versus Connor Bedard in Winnipeg Jets zone.
6:41 of 3rd period - Wrist shot by Mike Hoffman.
6:41 of 3rd period - Stopped by Ukko-Pekka Luukkonen without a rebound.
6:42 of 3rd period - Joseph Veleno wins face-off versus Connor Bedard in Winnipeg Jets zone.
7:27 of 3rd period - Snap shot by Adam Lowry.
7:27 of 3rd period - Stopped by Logan Thompson without a rebound.
7:28 of 3rd period - Adam Henrique wins face-off versus Adam Lowry in San Jose Sharks zone.
7:38 of 3rd period - Slapshot by Olli Maatta.
7:38 of 3rd period - Stopped by Logan Thompson without a rebound.
7:39 of 3rd period - Dylan Strome wins face-off versus Connor Bedard in San Jose Sharks zone.
8:35 of 3rd period - Oliver Kylington is hit by Mike Hoffman and loses puck.
8:52 of 3rd period - Christian Dvorak is hit by Joel Armia and loses puck.
9:24 of 3rd period - Andre Burakovsky is hit by Erik Cernak and loses puck.
9:37 of 3rd period - Snap shot by Andre Burakovsky.
9:37 of 3rd period - Shot Misses the Net.
10:15 of 3rd period - Snap shot by Connor Bedard.
10:15 of 3rd period - Shot Blocked by Christopher Tanev.
10:33 of 3rd period - Wrist shot by Connor Bedard.
10:33 of 3rd period - Shot Misses the Net.
10:37 of 3rd period - Snap shot by Andre Burakovsky.
10:37 of 3rd period - Stopped by Logan Thompson without a rebound.
10:38 of 3rd period - Connor McDavid wins face-off versus Adam Henrique in San Jose Sharks zone.
10:43 of 3rd period - Snap shot by Connor McDavid.
10:43 of 3rd period - Stopped by Logan Thompson with a rebound.
11:05 of 3rd period - Ilya Mikheyev is hit by Mason Appleton and loses puck.
11:57 of 3rd period - Wrist shot by Tom Wilson.
11:57 of 3rd period - Goal by Tom Wilson - Winnipeg Jets : 3 - San Jose Sharks : 1.
11:58 of 3rd period - Connor McDavid wins face-off versus Adam Henrique in neutral zone.
12:07 of 3rd period - Wrist shot by Alexis Lafreniere.
12:07 of 3rd period - Deflect By Tom Wilson.
12:07 of 3rd period - Goal by Tom Wilson - Winnipeg Jets : 4 - San Jose Sharks : 1.
12:08 of 3rd period - Connor McDavid wins face-off versus Adam Henrique in neutral zone.
12:16 of 3rd period - Icing by Joel Edmundson.
12:17 of 3rd period - Rickard Rakell wins face-off versus Tom Wilson in San Jose Sharks zone.
13:25 of 3rd period - Snap shot by Rickard Rakell.
13:25 of 3rd period - Shot Misses the Net.
13:27 of 3rd period - Wrist shot by Sean Durzi.
13:27 of 3rd period - Deflect By Ivan Barbashev.
13:27 of 3rd period - Stopped by Ukko-Pekka Luukkonen without a rebound.
13:28 of 3rd period - Adam Lowry wins face-off versus Joseph Veleno in Winnipeg Jets zone.
13:41 of 3rd period - Snap shot by Adam Lowry.
13:41 of 3rd period - Deflect By Barclay Goodrow.
13:41 of 3rd period - Shot Misses the Net.
13:41 of 3rd period - Puck is out of play.
13:42 of 3rd period - Dylan Strome wins face-off versus Connor Bedard in San Jose Sharks zone.
13:42 of 3rd period - Dylan Strome is hit by Jason Zucker.
15:36 of 3rd period - Luke Kunin is hit by Ridly Greig and loses puck.
16:07 of 3rd period - Wrist shot by Erik Cernak.
16:07 of 3rd period - Shot Blocked by Dylan Samberg.
17:22 of 3rd period - Ivan Barbashev is hit by Andre Burakovsky and loses puck.
17:50 of 3rd period - Matthew Knies is hit by Andre Burakovsky and loses puck.
18:30 of 3rd period - Slapshot by Sean Durzi.
18:30 of 3rd period - Stopped by Ukko-Pekka Luukkonen with a rebound.
19:04 of 3rd period - Snap shot by Ilya Mikheyev.
19:04 of 3rd period - Stopped by Ukko-Pekka Luukkonen without a rebound.
19:05 of 3rd period - Luke Kunin wins face-off versus Adam Lowry in Winnipeg Jets zone.
19:06 of 3rd period - Wrist shot by Dylan Strome.
19:06 of 3rd period - Stopped by Ukko-Pekka Luukkonen without a rebound.
19:07 of 3rd period - Adam Lowry wins face-off versus Dylan Strome in Winnipeg Jets zone.
19:21 of 3rd period - Wrist shot by Adam Lowry.
19:21 of 3rd period - Deflect By Mason Appleton.
19:21 of 3rd period - Shot Misses the Net.
19:21 of 3rd period - Puck is out of play.
19:22 of 3rd period - Connor McDavid wins face-off versus Adam Henrique in San Jose Sharks zone.
Goals for this period are 2 for Winnipeg Jets vs 0 for San Jose Sharks.
Shots for this period are 12 for Winnipeg Jets vs 8 for San Jose Sharks.
Back to the Top